 Dungeon Crawl Stone Soup version 0.17-a0-1262-gd250d98 (webtiles) character file.

2499 wotan the Grappler (level 9, 0/81 HPs)
             Began as a Ghoul Monk on June 6, 2015.
             Was an Elder of Makhleb.
             Slain by an ogre
             ... wielding a +0 giant club
              (17 damage)
             ... on level 7 of the Dungeon.
             The game lasted 00:33:55 (7967 turns).

wotan the Grappler (Ghoul Monk)                     Turns: 7967, Time: 00:33:55

Health: 0/81       AC:  2    Str: 15    XL:     9   Next: 53%
Magic:  10/10      EV: 14    Int:  7    God:    Makhleb [****..]
Gold:   367        SH:  0    Dex: 12    Spells: 0 memorised, 8 levels left

rFire  . . .     SeeInvis .       - Unarmed
rCold  + . .     Clarity  .     a - +0 robe
rNeg   + + +     SustAt   .     (no shield)
rPois  ∞         Gourm    .     (no helmet)
rElec  .         Spirit   .     (no cloak)
rCorr  .         Warding  .     (no gloves)
rMut   .         Stasis   .     (no boots)
MR     .....                    (no amulet)
Stlth  ++........               (no ring)
                                c - ring of positive energy

@: rotting, not resistant to hostile enchantments, unstealthy
A: rotting body, claws 1, carnivore 3, cold resistance 1, negative energy
resistance 3, slow healing 1, torment resistance, unbreathing
a: Minor Destruction, Lesser Servant of Makhleb, Major Destruction, Renounce
Religion


You were on level 7 of the Dungeon.
You worshipped Makhleb.
Makhleb was greatly pleased with you.
You were not hungry.

You visited 2 branches of the dungeon, and saw 8 of its levels.
You also visited: Ossuary.

You collected 367 gold pieces.

Inventory:

Missiles
 e - 193 stones (quivered)
Armour
 a - a +0 robe (worn)
Jewellery
 c - a ring of positive energy (left claw)
Scrolls
 d - 5 scrolls of remove curse
 m - a scroll of recharging
 n - 3 scrolls of amnesia
 o - a scroll of teleportation
 r - a scroll of brand weapon {unknown}
 u - a scroll of blinking
 v - a scroll of magic mapping
Potions
 f - a potion of curing
 g - a potion of magic
 h - a potion of degeneration {unknown}
 i - a potion of resistance
 k - 3 potions of heal wounds
 l - 6 potions of poison
 p - a potion of flight {unknown}
 q - a potion of ambrosia {unknown}
 s - a potion of brilliance {unknown}
 t - a potion of haste
Comestibles
 b - 4 meat rations
 j - a slice of pizza


   Skills:
 - Level 8.0 Fighting
 - Level 6.0 Dodging
 - Level 2.1 Stealth
 - Level 10.0 Unarmed Combat
 + Level 3.6 Invocations


You had 8 spell levels left.
You didn't know any spells.

Dungeon Overview and Level Annotations

Branches:
Dungeon (7/15)             Temple (1/1) D:5

Altars:
Ashenzari
Dithmenos
Elyvilon
Fedhas
Gozag
Kikubaaqudgha
Makhleb
Nemelex Xobeh
Okawaru
Qazlal
Ru
Sif Muna
Trog
Vehumet
Xom
Yredelemnul
Zin
The Shining One

Shops:
D:4 [

Annotations:
D:7 Pikel


Innate Abilities, Weirdness & Mutations

Your body is rotting away.
You thrive on raw meat.
You are immune to poison.
You have sharp fingernails.
You are carnivorous and can eat meat at any time.
Your flesh is cold resistant.
You are immune to negative energy.
You heal slowly when monsters are visible.
You are immune to unholy pain and torment.
You can survive without breathing.


Message History

The ogre misses you.
You claw the ogre!
The ogre begins to bleed from its wounds!
The ogre is moderately wounded.
The ogre hits you with a giant club!
You barely miss the ogre.
The ogre is moderately wounded.
You barely miss the ogre.
The ogre is heavily wounded.
The ogre hits you with a giant club!!
* * * LOW HITPOINT WARNING * * *
You barely miss the ogre.
The ogre is heavily wounded.
The ogre misses you.
You barely miss the ogre. You claw the ogre!
The ogre is severely wounded.
You scratch the ogre.
The ogre is severely wounded.
The ogre hits you with a giant club!
You die...

#.######........
#...............
................
........########
+## # ....##### ..#
.. ..### #.# ....
..# #.## ...# ..#
####..##..>.# ..#
+.@Og.......# ###
#####.###...# # #8
...##..##...# ##8..
.............####
##...
....###...........#
#>... ...
##..#'#####.# ##..
. #..#.# #.# .
#..#.# #.#
#..#.#####.##


You could see an ogre (bleeding) and a goblin.

Vanquished Creatures
  Prince Ribbit (D:5)
  A wraith (Ossuary)
  Eustachio (D:6)
  Menkaure (D:5)
  4 slaves (D:7)
  2 phantoms (D:4)
  A sky beast (D:6)
  A centaur (D:6)
  3 ogres
  Blork the orc (D:5)
  A giant frog (D:7)
  2 scorpions
  A water moccasin skeleton (D:5)
  3 crimson imps
  5 hounds
  An orc priest (D:7)
  A jelly (D:6)
  5 orc wizards
  Crazy Yiuf (D:7)
  An iguana (D:4)
  A giant frog skeleton (D:4)
  3 worker ants
  A hound skeleton (D:5)
  A hound zombie (D:5)
  A mummy (Ossuary)
  A worker ant zombie (D:6)
  10 gnolls
  9 adders
  A shadow imp (D:6)
  4 oozes
  An adder zombie (D:6)
  2 worms
  3 giant geckos
  11 orcs
  9 bats
  3 bat skeletons (D:4)
  7 giant cockroaches
  14 hobgoblins
  6 jackals
  2 ball pythons
  A giant gecko skeleton (D:4)
  9 giant newts
  5 gnoll skeletons (Ossuary)
  15 goblins
  15 kobolds
  5 kobold skeletons (Ossuary)
  14 orc skeletons (Ossuary)
  A quokka zombie (D:6)
  15 rats
207 creatures vanquished.

Vanquished Creatures (collateral kills)
  An orc skeleton (Ossuary)
1 creature vanquished.

Grand Total: 208 creatures vanquished

Notes
Turn   | Place    | Note
--------------------------------------------------------------
     0 | D:1      | wotan the Ghoul Monk began the quest for the Orb.
     0 | D:1      | Reached XP level 1. HP: 19/19 MP: 0/0
   106 | D:1      | Reached XP level 2. HP: 15/26 MP: 1/1
   425 | D:1      | Reached skill level 5 in Unarmed Combat
   697 | D:1      | Reached XP level 3. HP: 31/31 MP: 2/2
  1052 | D:2      | Reached XP level 4. HP: 20/37 MP: 3/3
  1342 | D:3      | Reached skill level 6 in Unarmed Combat
  1581 | D:3      | Reached XP level 5. HP: 16/45 MP: 4/4
  2093 | D:4      | Noticed a phantom
  2151 | D:4      | Found an opulent altar of Gozag.
  2208 | D:4      | Reached XP level 6. HP: 35/51 MP: 5/5
  2672 | D:4      | Found Adefadgh's Armour Shop.
  2741 | D:4      | Noticed an ogre
  2758 | D:4      | Killed an ogre
  2981 | D:4      | Reached skill level 5 in Dodging
  3247 | D:4      | Noticed a phantom
  3251 | D:4      | Reached XP level 7. HP: 53/56 MP: 6/6
  3314 | D:4      | Killed a phantom
  3797 | D:4      | Reached skill level 7 in Unarmed Combat
  4034 | D:4      | Killed a phantom
  4306 | D:5      | Entered Level 5 of the Dungeon
  4354 | D:5      | Found a staircase to the Ecumenical Temple.
  4360 | D:5      | Noticed Menkaure
  4379 | D:5      | Killed Menkaure
  4379 | D:5      | Reached skill level 8 in Unarmed Combat
  4379 | D:5      | Reached XP level 8. HP: 50/63 MP: 7/7
  4417 | Temple   | Entered the Ecumenical Temple
  4547 | Temple   | Became a worshipper of Makhleb the Destroyer
  4547 | Temple   | Acquired Makhleb's first power
  4547 | Temple   | Acquired Makhleb's second power
  4948 | D:5      | Reached skill level 9 in Unarmed Combat
  5122 | D:5      | Noticed Prince Ribbit
  5467 | D:6      | Found an opulent altar of Gozag.
  5552 | D:6      | Reached skill level 10 in Unarmed Combat
  5635 | D:6      | Found a sand-covered staircase.
  5642 | Ossuary  | Entered an ossuary
  5728 | Ossuary  | Acquired Makhleb's third power
  6022 | D:6      | Noticed Eustachio
  6030 | D:6      | Killed Eustachio
  6030 | D:6      | Reached skill level 5 in Fighting
  6106 | D:6      | Reached XP level 9. HP: 70/73 MP: 8/8
  6648 | D:6      | Found a white marble altar of Elyvilon.
  6801 | D:5      | Noticed Blork the orc
  6812 | D:5      | Killed Blork the orc
  6929 | D:5      | Killed Prince Ribbit
  7177 | D:7      | Acquired Makhleb's fourth power
  7292 | D:7      | Reached skill level 1 in Invocations
  7495 | D:7      | Noticed Crazy Yiuf
  7503 | D:7      | Killed Crazy Yiuf
  7796 | D:7      | Noticed Pikel
  7967 | D:7      | Slain by an ogre

Vault maps used:
D:1:      minmay_arrival_stone_box
D:2:      first_bread
D:3:      dk_noncrumbling_4
D:4:      kennysheep_the_goblin_king, serial_shops, shop,
          hangedman_feature_mirror, grunt_ministairs_6, st_stairs_7,
          grunt_gozag_breadcrumbs
D:5:      minmay_temple_entry_purple_smoke, fountainhead, uniq_prince_ribbit1,
          uniq_menkaure, uniq_blork_the_orc
D:6:      kennysheep_mini, kennysheep_little_box, enter_ossuary_1,
          uniq_eustachio
D:7:      nicolae_overflow_hidden_temple, grunt_ogre_cave, uniq_pikel,
          uniq_crazy_yiuf_cottage
Temple:   nicolae_temple_elliptical
Ossuary:  ossuary_due_mausoleum

Action                   |  1- 3 |  4- 6 |  7- 9 || total
-------------------------+-------+-------+-------++-------
Melee: Unarmed           |   113 |   205 |   489 ||   807
Throw: Stone             |     1 |     3 |    48 ||    52
  Use: Potion            |       |     3 |     1 ||     4
       Scroll            |       |     6 |    12 ||    18
 Stab: Sleeping          |     1 |     4 |     4 ||     9
       Distracted        |       |       |     1 ||     1
  Eat: Chunk             |     9 |    15 |    37 ||    61
